 Dungeon Crawl Stone Soup version 0.19-a0-1682-g5114f93 (webtiles) character file.

379 dobroeutro the Cudgeler (level 6, -1/39 HPs)
             Began as a Gargoyle Fighter on Sept 24, 2016.
             Was an Initiate of Okawaru.
             Slain by Duvessa
             ... wielding a +5 short sword of speed
              (12 damage)
             ... on level 5 of the Dungeon.
             The game lasted 00:06:19 (2520 turns).

dobroeutro the Cudgeler (Gargoyle Fighter)          Turns: 2520, Time: 00:06:19

Health: -1/39      AC: 19    Str: 20    XL:     6   Next: 74%
Magic:  6/6        EV:  7    Int:  9    God:    Okawaru [......]
Gold:   155        SH: 11    Dex: 10    Spells: 0 memorised, 5 levels left

rFire  . . .     SeeInvis +     r - +2 flail (venom)
rCold  . . .     Gourm    .     b - +0 scale mail
rNeg   + . .     Faith    .     c - +0 shield
rPois  ∞         Spirit   .     (no helmet)
rElec  +         Dismiss  .     q - +0 cloak
rCorr  .         Reflect  +     i - +0 pair of gloves
MR     .....     Harm     .     m - +0 pair of boots {run}
Stlth  ..........               h - +2 amulet of reflection
                                y - +3 ring of protection
                                e - ring of see invisible

@: quick
A: negative energy resistance 1, electricity resistance, unbreathing,
petrification resistance, rot immunity, AC +4
a: Renounce Religion


You were on level 5 of the Dungeon.
You worshipped Okawaru.
Okawaru was noncommittal.
You were very hungry.

You visited 2 branches of the dungeon, and saw 6 of its levels.

You collected 155 gold pieces.

Inventory:

Hand Weapons
 a - a +1 flail
 r - a +2 flail of venom (weapon)
Armour
 b - a +0 scale mail (worn)
 c - a +0 shield (worn)
 i - a +0 pair of gloves (worn)
 m - a +0 pair of boots of running (worn)
 q - a +0 cloak (worn)
Jewellery
 e - a ring of see invisible (left hand)
 h - a +2 amulet of reflection (around neck)
 y - a +3 ring of protection (right hand)
Scrolls
 k - a scroll of teleportation
 n - 3 scrolls of identify {unknown}
 o - 2 scrolls of amnesia
 t - 2 scrolls of remove curse
Potions
 d - a potion of might
 j - 7 potions of curing {unknown}
 l - 4 potions of agility {unknown}
 p - a potion of cure mutation {unknown}
 s - a potion of mutation {unknown}
 u - a potion of degeneration {unknown}
 v - a potion of flight {unknown}
Comestibles
 f - 3 bread rations
 g - a meat ration
 x - a slice of pizza


   Skills:
 + Level 4.4 Fighting
 * Level 4.7 Maces & Flails
 + Level 4.6 Armour
 + Level 0.2 Dodging
 + Level 4.4 Shields


You had 5 spell levels left.
You didn't know any spells.

Dungeon Overview and Level Annotations

Branches:
Dungeon (5/15)             Temple (1/1) D:4

Altars:
Cheibriados
Fedhas
Okawaru
Ru
Xom

Annotations:
D:5 Duvessa


Innate Abilities, Weirdness & Mutations

You are resistant to torment.
Your stone body is resilient. (AC +4)
You are immune to poison.
You resist negative energy. (rN+)
You are resistant to electric shocks. (rElec)
You can survive without breathing.
You are immune to petrification.
You are immune to rotting.


Message History

Dowan is heavily wounded.
Duvessa hits you but does no damage. Dowan hits you but does no damage.
You thump Dowan!
Dowan looks as sick as possible!
Dowan is almost dead.
You kill Dowan!
Okawaru accepts your kill.
Duvessa screams, "No!
How DARE you!"
Duvessa goes berserk!
Duvessa hits you with a short sword of speed!
Duvessa hits you but does no damage.
You hit Duvessa.
Duvessa is severely wounded.
Duvessa hits you with a short sword of speed.
* * * LOW HITPOINT WARNING * * *
Duvessa hits you but does no damage.
Your shield prevents you from hitting Duvessa.
Duvessa is severely wounded.
Duvessa hits you but does no damage.
Duvessa hits you with a short sword of speed!
You die...

##........#
.###.........#
#.#..........#
#............#
##...........#
#............#
#......e)....#
#......@.....#
#............##
##.............
##..........%.
###.........##.
#......<....# .
...##..#....##
. ## #..######
#..#


You could see Duvessa (berserk).

Vanquished Creatures
  A phantom (D:4)
  Dowan (D:5)
  A centaur zombie (D:5)
  2 worker ants (D:4)
  An iguana (D:4)
  5 gnolls
  An adder (D:2)
  An ooze (D:2)
  An adder zombie (D:3)
  A worm (D:3)
  5 dart slugs
  3 leopard geckos
  A ball python (D:2)
  4 giant cockroaches
  3 goblins
  4 hobgoblins
  3 jackals (D:1)
  3 kobolds
  2 quokkas (D:4)
  11 bats
  4 frilled lizards
  2 quokka skeletons
  5 rats
65 creatures vanquished.

Notes
Turn   | Place    | Note
-------+----------+-------------------------------------------
     0 | D:1      | dobroeutro the Gargoyle Fighter began the quest for the Orb.
     0 | D:1      | Reached XP level 1. HP: 14/14 MP: 1/1
   145 | D:1      | Reached XP level 2. HP: 15/19 MP: 2/2
   291 | D:1      | Reached XP level 3. HP: 23/23 MP: 3/3
   518 | D:2      | Identified a +0 pair of boots of running (You found it on level 2 of the Dungeon)
   716 | D:2      | Reached XP level 4. HP: 18/28 MP: 4/4
  1428 | D:4      | Noticed a phantom
  1453 | D:4      | Killed a phantom
  1453 | D:4      | Reached XP level 5. HP: 30/33 MP: 5/5
  1567 | D:4      | Reached XP level 6. HP: 31/38 MP: 6/6
  1595 | D:4      | Found a staircase to the Ecumenical Temple.
  1604 | Temple   | Entered the Ecumenical Temple
  1615 | Temple   | Became a worshipper of Warmaster Okawaru
  1929 | D:5      | Entered Level 5 of the Dungeon
  1929 | D:5      | Noticed Dowan
  1931 | D:5      | Noticed Duvessa
  2518 | D:5      | Killed Dowan
  2520 | D:5      | Slain by Duvessa

Vault maps used:
D:1:      sevenhm_arrival_forest_fort_small_5, minmay_stone_trees_small
D:2:      first_bread
D:3:      grunt_decor_clamped
D:5:      uniq_duvessa
Temple:   regret_index_temple_mists

Skill      XL: |  1  2  3  4 |
---------------+-------------+-----
Maces & Flails | 3 4 |  4.7
Armour         | 4 |  4.6
Fighting       | 4 |  4.4
Shields        | 4 |  4.4
Dodging        | |  0.2

Action                   |  1- 3 |  4- 6 || total
-------------------------+-------+-------++-------
Melee: Flail             |   156 |   114 ||   270
  Use: Scroll            |     2 |     6 ||     8
  Eat: Chunk             |       |     4 ||     4
Armor: Scale mail        |   100 |    49 ||   149
Dodge: Dodged            |    58 |    23 ||    81
Block: Shield            |   144 |    59 ||   203
       Reflection        |       |     5 ||     5
